 Dungeon Crawl Stone Soup version 0.32-a0-441-gaf4921d101 (webtiles) character file.

Game seed: 2380710908526642076

1658673 Kenran the Intangible (level 27, 184/220 HPs)
             Began as a Coglin Gladiator on Feb 23, 2024.
             Was a High Priest of Trog.
             Escaped with the Orb
             ... and 3 runes!
             The game lasted 02:23:35 (70386 turns).

Kenran the Intangible (Coglin Gladiator)           Turns: 70386, Time: 02:23:36

Health: 184/220    AC: 24    Str: 13    XL:     27
Magic:  23/23      EV: 47    Int: 15    God:    Trog [*****.]
Gold:   4451       SH:  5    Dex: 36    Spells: 26/26 levels left

rFire   + . .        a - +9 double sword (drain) {Carmen}
rCold   + + +        T - +5 scimitar of the Gazing Firefly {freeze, rC+ Dex+9 Stlth-}
rNeg    + . .        K - +3 ring mail of Jubyaree {rElec Int+5 Stlth+}
rPois   +            c - +2 helmet
rElec   +            L - +1 cloak of Starlight {*Dazzle EV+4 Stlth--}
rCorr   .            t - +2 pair of gloves
SInv    +            d - +1 pair of boots of the Cooper {^Drain rC++ Stlth+}
Will    ++...        g - amulet of reflection
Stlth   +            S - ring of poison resistance
HPRegen 0.56/turn    q - ring "Ashyxiampi" {rF+ rN+ Slay+2 SInv}
MPRegen 0.18/turn

%: reflection
@: studying Maces & Flails
A: off-hand wielding, slow wielding, warmup strikes, legs shutdown, frail 1,
weak 1, subdued magic 1
0: Orb of Zot
}: 3/15 runes: decaying, silver, gossamer
a: Renounce Religion, Berserk, Trog's Hand, Brothers in Arms


You escaped.
You worshipped Trog.
Trog was extremely pleased with you.
You visited 9 branches of the dungeon, and saw 47 of its levels.
You visited the Abyss 2 times.
You also visited: Ice Cave.

You collected 8225 gold pieces.
You spent 3774 gold pieces at shops.

Inventory:

Hand Weapons
 a - a +9 double sword of draining (weapon) {Carmen}
 B - the +7 rapier of Xumociuk {antimagic, rPois rCorr Int+9 Dex-2}
   (You found it on level 6 of the Dungeon)

   Int+9:     It affects your intelligence (+9).
   Dex-2:     It affects your dexterity (-2).
   rPois:     It protects you from poison rCorr: It protects you from acid and
   corrosion.
 T - the +5 scimitar of the Gazing Firefly (offhand) {freeze, rC+ Dex+9 Stlth-}
   (You found it on level 15 of the Dungeon)

   Dex+9:     It affects your dexterity (+9).
   rC+:       It protects you from cold.
   Stlth-:    It makes you less stealthy.
Missiles
 j - a throwing net (quivered)
Armour
 c - a +2 helmet (worn)
 d - the +1 pair of boots of the Cooper (worn) {^Drain rC++ Stlth+}
   (You found it on level 4 of the Vaults)

   rC++:      It greatly protects you from cold.
   ^Drain:    It drains your maximum health when unequipped.
   Stlth+:    It makes you more stealthy.
 h - the +4 cloak of Yesterday {rCorr Int-2 Dex+2}
   (You found it on level 1 of the Swamp)

   Int-2:     It affects your intelligence (-2).
   Dex+2:     It affects your dexterity (+2).
   rCorr:     It protects you from acid and corrosion.
 t - a +2 pair of gloves (worn)
 E - a +2 cloak of poison resistance
 K - the +3 ring mail of Jubyaree (worn) {rElec Int+5 Stlth+}
   (You found it on level 4 of the Lair of Beasts)

   Int+5:     It affects your intelligence (+5).
   rElec:     It insulates you from electricity.
   Stlth+:    It makes you more stealthy.
 L - the +1 cloak of Starlight (worn) {*Dazzle EV+4 Stlth--}
   (You found it on level 3 of the Elven Halls)

   *Dazzle:   It may blind those who miss an attack against the wearer in melee
   combat.
   EV+4:      It affects your evasion (+4).
   Stlth--:   It makes you much less stealthy.
Jewellery
 g - an amulet of reflection (around neck)
 l - a ring of positive energy
 q - the ring "Ashyxiampi" (right grasper) {rF+ rN+ Slay+2 SInv}
   (You bought it in a shop on level 1 of the Depths)

   [ring of protection from fire]

   Slay+2:    It affects your accuracy & damage with ranged weapons and melee
   (+2).
   rF+:       It protects you from fire.
   rN+:       It protects you from negative energy.
   SInv:      It lets you see invisible.
 y - a +6 ring of dexterity
 D - a ring of see invisible
 O - a ring of resist corrosion
 S - a ring of poison resistance (left grasper)
Wands
 C - a wand of acid (27)
 F - a wand of roots (34)
 I - a wand of mindburst (28)
 N - a wand of flame (100)
 Q - a wand of paralysis (61)
 R - a wand of digging (10)
 U - a wand of polymorph (35)
Scrolls
 e - 2 scrolls of summoning
 f - a scroll of enchant weapon
 n - 7 scrolls of silence
 p - 10 scrolls of revelation
 r - 17 scrolls of teleportation
 s - 5 scrolls of blinking
 u - 7 scrolls of fog
 w - 7 scrolls of enchant armour
 x - 15 scrolls of immolation {!r}
 J - 7 scrolls of fear
 Z - 21 scrolls of identify {@r1}
Potions
 i - 8 potions of invisibility
 k - 7 potions of berserk rage {!q}
 m - 4 potions of magic
 o - 19 potions of curing {@q1}
 v - 8 potions of enlightenment
 z - 8 potions of might
 G - 3 potions of cancellation
 H - a potion of ambrosia
 P - 7 potions of resistance
 V - 2 potions of attraction {!q}
 W - 7 potions of heal wounds {@q2}
 Y - 6 potions of mutation {!q}
Miscellaneous
 b - a sack of spiders
 M - a phantom mirror
 X - a phial of floods


   Skills:
 + Level 26.1 Fighting
 - Level 10.8(14.0) Short Blades
 - Level 15.5(17.0) Long Blades
 - Level 1.7 Throwing
 - Level 15.0 Armour
 O Level 27 Dodging
 + Level 24.3 Evocations


You had 26 spell levels left.
You didn't know any spells.
Your spell library contained the following spells:

 Spells                   Type           Power      Damage    Failure   Level
 Slow                     Hex            0%         N/A       36%         1
 Confusing Touch          Hex            0%         N/A       77%         3
 Dazzling Flash           Conj/Hex       0%         N/A       77%         3
 Mephitic Cloud           Conj/Alch/Air  0%         N/A       77%         3
 Sigil of Binding         Hex            0%         N/A       77%         3
 Vampiric Draining        Necr           0%         2d6       77%         3
 Olgreb's Toxic Radiance  Alch           0%         N/A       99%         4
 Curse of Agony           Necr           0%         N/A       100%        5
 Silence                  Hex/Air        0%         N/A       100%        5
 Ozocubu's Refrigeration  Ice            0%         4d7       100%        7
 Discord                  Hex            0%         N/A       100%        8


Dungeon Overview and Level Annotations

Branches:
Dungeon (15/15)            Temple (0/1) D:7            Lair (5/5) D:10
  Swamp (4/4) Lair:3       Spider (4/4) Lair:2        Slime (0/5) Lair:5
    Orc (2/2) D:11            Elf (3/3) Orc:2        Vaults (5/5) D:13
  Crypt (0/3) Vaults:2     Depths (4/4) D:15            Zot (5/5) Depths:4
  IceCv (visited)

Altars:
Ashenzari
Cheibriados
Dithmenos
Gozag
Kikubaaqudgha
Nemelex Xobeh
Trog
Uskayaw
Vehumet
Wu Jian
Yredelemnul
Beogh
Jiyva

Shops:
D:8 **   D:12 ?   Orc:2 !(*=   Vaults:4 (   Depths:1 :=:

Portals:
Hell: Depths:1 Depths:2 Depths:3 Depths:4
Abyss: Depths:3
Pandemonium: Orc:2 Depths:2 Depths:3
Ziggurat: Depths:1

Annotations:
D:9 3 runed translucent doors, Vendren's ghost, novice TrEE
Spider:4 1 runed translucent door, Foxiece's ghost, journeyman DsGl; Roxanne
Orc:2 3 runed translucent doors, Asfel's ghost, journeyman DsNe; Mousus6's ghost, journeyman CoAl; YordlordTheGreat's ghost, journeyman HuCA; none10's ghost, journeyman MiBe


Innate Abilities, Weirdness & Mutations

You can wield a second weapon in your off-hand.
It takes a long time for you to wield or remove held weapons.
Your first few attacks do less damage.
Attacking and casting redirects power from your legs.
You are frail. (-10% HP)
You are weak. (Str -2)
Your spells are a little easier to cast, but a little less powerful.


Message History

You open the shadow demon like a pillowcase with the +5 scimitar of the Gazing Firefly!!!
You freeze the shadow demon. The shadow demon completely misses you.
You carve the shadow demon like a ham with your +9 double sword of draining!!!
You kill the shadow demon!
Trog accepts your kill. The ice devil completely misses you.
You slice the ice devil with the +5 scimitar of the Gazing Firefly!!
The ice devil is severely wounded.
You closely miss the ice devil with your +9 double sword of draining.
You barely miss the ice devil with the +5 scimitar of the Gazing Firefly.
The ice devil is severely wounded.
You slash the ice devil with your +9 double sword of draining!
The ice devil completely misses you.
You cannot move.
You hit the ice devil but do no damage.
The ice devil is almost dead.
You cut the ice devil into ribbons with your +9 double sword of draining!!!
You kill the ice devil!
Trog accepts your kill.
There is a stone staircase leading up here.
You start resting.
A Zugashre and a chaos spawn come into view.
The chaos spawn gurgles horribly!
You climb upwards.
There is a stone staircase leading down here.
There is a stone staircase leading up here.
You climb upwards.
There is a stone staircase leading down here.
There is a stone staircase leading up here.
You climb upwards.
There is a stone staircase leading down here.
You see here a +0 hand axe.
There is a stone staircase leading up here.
You climb upwards.
There is a stone staircase leading down here.
A Brimstone Fiend comes into view.
The Brimstone Fiend roars!
A Brimstone Fiend is nearby!
There is a staircase leading out of the dungeon here.
You have escaped!

#....# #.#######.#####...#####
#....# #.........# #.#......
...#.####################.#######
..##.....)............1...# #..
..##...▓▓▓▓▓▓......▓▓▓▓▓▓.# ###
..##........)....1.......[# #
..##...≣≣..≣≣......≣≣..≣≣.# #
..##......................# #
..#############>@########## # ..#
#### # ..# # ..# # ### # # # # #
# # #


You could see a Brimstone Fiend.

Vanquished Creatures
  5 orbs of fire
  4 dread liches
  Mara (Vaults:2)
  An ancient lich (Zot:5)
  Mennas (Depths:4)
  A juggernaut (Depths:3)
  5 Killer Klowns
  7 golden dragons
  Arachne (Spider:4)
  3 electric golems
  2 bone dragons
  A doom hound (Zot:2)
  A Brimstone Fiend (Zot:2)
  A hellephant (D:8)
  18 tentacled monstrosities
  2 liches
  28 Orb Guardians
  Grunn (Zot:2)
  Mlioglotl (Swamp:3)
  7 titans
  2 deep elf master archers (Elf:3)
  15 quicksilver dragons
  A walking divine tome (Depths:3)
  A tentacled starspawn (Abyss:2)
  2 deep elf blademasters (Elf:3)
  5 sphinxes
  A walking frostbound tome (Depths:3)
  6 death cobs
  An ancient champion (Vaults:2)
  The ghost of mn3067 the Brawler, an adept TrFi of Wu Jian (Swamp:1)
  A thorn hunter (Swamp:4)
  Donald (Swamp:3)
  11 tengu reavers
  3 protean progenitors
  13 shadow dragons
  14 storm dragons
  Aizul (Swamp:1)
  5 draconian monks
  2 fenstrider witches
  A revenant (Vaults:2)
  7 draconian knights
  9 fire giants
  3 draconian scorchers
  6 draconian shifters
  12 frost giants
  4 iron dragons
  A balrug (Zot:5)
  5 emperor scorpions
  14 vault wardens
  3 deep elf sorcerers
  16 ironbound preservers
  2 ghouls (Swamp:1)
  A deep elf elementalist (Elf:3)
  6 ghost moths
  3 spriggan defenders
  4 formless jellyfish
  4 orc warlords
  2 draconian stormcallers (Zot:2)
  6 draconian annihilators
  15 stone giants
  A juggernaut skeleton (Abyss:2)
  24 very ugly things
  A broodmother (Spider:3)
  5 ironbound thunderhulks
  A lorocyproca (Depths:2)
  A putrid mouth (Zot:2)
  15 green draconians
  5 bunyips
  4 deep elf annihilators
  3 vampire knights (Depths:3)
  6 black draconians
  8 white draconians
  4 eleionomae
  8 dire elephants
  11 deep elf demonologists
  28 purple draconians
  10 red draconians
  11 deep elf death magi
  6 spark wasps
  8 yellow draconians
  4 war gargoyles
  12 ettins
  A blizzard demon (Depths:2)
  An eidolon (Abyss:2)
  Snorg (Orc:1)
  14 yaktaur captains
  13 fire dragons
  7 deep elf high priests
  2 spriggan zombies (Depths:1)
  12 entropy weavers
  13 great orbs of eyes
  2 rakshasas
  19 hydras
  A peacekeeper (Vaults:4)
  2 demonspawn (Orc:2)
  35 vault guards
  8 ice dragons
  3 spriggan air magi
  2 ghost crabs
  4 ogre magi
  A catoblepas (D:15)
  4 jorogumos
  9 alligators
  9 ironbound frosthearts
  A death knight (Vaults:2)
  A radroach (Lair:2)
  14 centaur warriors
  7 boulder beetles
  31 dancing weapons
  A two-headed ogre (shapeshifter) (Vaults:4)
  2 satyrs (Zot:1)
  5 tengu warriors
  7 two-headed ogres
  10 demonic crawlers
  A hell hog (Depths:1)
  3 death yaks (Lair:5)
  7 deep troll shamans
  3 occultists (Depths:3)
  9 deep troll earth magi
  Urug (D:12)
  4 spriggan berserkers
  4 thrashing horrors (Abyss:2)
  19 deep elf knights
  6 hell knights
  9 orc high priests
  A titan zombie (Vaults:4)
  A titan skeleton (Depths:1)
  4 iron trolls
  A sixfirhy (Depths:2)
  Sonja (D:13)
  9 sun demons
  2 wretched stars (Abyss:2)
  A glowing orange brain (shapeshifter) (Vaults:3)
  2 salamander mystics
  A skyshark (Abyss:2)
  7 goliath frogs
  A death drake (shapeshifter) (Depths:3)
  6 pharaoh ants
  A sea snake (shapeshifter) (Depths:3)
  A flayed ghost (Depths:4)
  55 deep trolls
  2 glowing orange brains
  A deep troll (shapeshifter) (Vaults:5)
  A swamp dragon (shapeshifter) (Elf:2)
  14 deep elf archers
  4 spriggan druids
  2 orange crystal statues
  A shadow demon (D:5)
  6 sun moths
  6 phantasmal warriors
  8 swamp dragons
  4 necromancers
  11 arcanists
  5 bog bodies
  7 orb spiders
  10 steelbarb worms
  15 ironbound convokers
  15 orc knights
  11 lindwurms
  31 deep elf pyromancers
  34 deep elf zephyrmancers
  30 wolf spiders
  5 cyclopes
  3 will-o-the-wisps
  23 moths of wrath
  53 ugly things
  5 orc sorcerers (Orc:2)
  A shining eye (Depths:1)
  A guardian serpent (shapeshifter) (D:15)
  5 meliai
  A toenail golem (Depths:1)
  A black mamba (shapeshifter) (D:15)
  Maurice (D:12)
  9 salamanders
  11 elephants
  2 manticores
  52 slime creatures
  3 gargoyles
  23 vault sentinels
  5 black mambas
  4 kobold blastminers (Orc:1)
  An eye of devastation (Depths:1)
  2 rust devils
  2 orange demons
  3 large abominations
  14 torpor snails
  10 cane toads
  27 yaktaurs
  28 rime drakes
  An unseen horror (Abyss:2)
  An efreet (D:12)
  An ice devil (D:5)
  A komodo dragon (shapeshifter) (D:15)
  12 komodo dragons
  A hellion (Depths:1)
  5 freezing wraiths
  4 tengu conjurers
  A tormentor (D:5)
  A yaktaur skeleton (Vaults:4)
  12 polar bears
  8 trolls
  A bloated husk (Swamp:2)
  8 tyrant leeches
  A hellwing (Orc:2)
  24 hornets
  11 blink frogs
  32 tarantellas
  4 glass eyes
  15 dream sheep (Lair:5)
  A dream sheep (shapeshifter) (Vaults:1)
  A snapping turtle (shapeshifter) (Vaults:5)
  4 air elementals
  3 centaur simulacra
  19 jumping spiders
  Sigmund (D:3)
  19 culicivoras
  A shadow (D:11)
  3 ynoxinuls
  20 spriggans
  A spriggan (shapeshifter) (D:13)
  6 water elementals
  A vampire (D:11)
  5 basilisks
  4 fire elementals
  4 wraiths
  5 wyverns
  4 wargs
  4 fire bats (Depths:1)
  69 redbacks
  14 vampire mosquitoes
  55 yaks
  2 steam dragons
  A spriggan simulacrum (Depths:1)
  2 chaos spawn
  2 neqoxecs (Abyss:2)
  17 swamp worms
  Edmund (D:4)
  A culicivora (shapeshifter) (Vaults:5)
  16 water moccasins
  2 acid dragons
  4 hell hounds (Depths:4)
  7 swamp drakes (Swamp:4)
  5 ice beasts
  7 ogres
  32 orc warriors
  A sky beast (D:7)
  5 laughing skulls
  10 black bears
  9 centaurs
  15 wolves
  5 boggarts (Vaults:1)
  3 phantoms
  2 kobold brigands
  2 weeping skulls (Abyss:2)
  14 bullfrogs
  A human simulacrum (Vaults:4)
  2 scorpions
  A gnoll sergeant (D:9)
  4 earth elementals
  5 small abominations (Abyss:2)
  10 killer bees
  10 howler monkeys
  8 electric eels
  A lava snake (D:7)
  4 bombardier beetles
  2 jellies (D:6)
  Crazy Yiuf (D:7)
  33 orc priests
  A hound (D:4)
  2 iguanas
  2 sleepcaps
  22 orc wizards
  7 gnolls
  8 adders
  2 river rats (D:10)
  A shadow imp (D:7)
  6 white imps
  An ufetubus (D:12)
  3 dart slugs
  2 ribbon worms (D:3)
  68 orcs
  4 bats
  6 endoplasms
  5 giant cockroaches
  4 hobgoblins
  4 jackals (D:3)
  13 kobolds
  7 quokkas
  6 ball pythons
  5 frilled lizards
  6 goblins
  4 rats
  An aspiring flesh (Zot:1)
  A spectral weapon (Zot:5)
  2 starspawn tentacles (Abyss:2)
2220 creatures vanquished.

Vanquished Creatures (collateral kills)
  A bone dragon (Zot:2)
  A doom hound (Zot:2)
  2 very ugly things (Vaults:5)
  A yaktaur captain (Vaults:4)
  A hydra (Swamp:1)
  A spriggan berserker (Depths:4)
  An occultist (Depths:1)
  A goliath frog (Swamp:1)
  A swamp dragon (Swamp:1)
  A deep troll (Depths:4)
  An ugly thing (Depths:4)
  A lindwurm (shapeshifter) (Vaults:5)
  A moth of wrath (Swamp:1)
  2 vault sentinels (Vaults:4)
  An eye of devastation (Depths:1)
  A yaktaur (Vaults:4)
  2 tyrant leeches (Swamp:1)
  2 redbacks (Spider:4)
22 creatures vanquished.

Vanquished Creatures (others)
  A reaper (Zot:2)
  A deep elf knight (Elf:2)
  2 bloated husks
  An orc (D:7)
  8 foxfires (Swamp:3)
  2 starspawn tentacles (Abyss:2)
15 creatures vanquished.

Grand Total: 2257 creatures vanquished

Notes
Turn   | Place    | Note
-------+----------+-------------------------------------------
     0 | D:1      | Kenran the Coglin Gladiator began the quest for the Orb.
     0 | D:1      | Reached XP level 1. HP: 16/16 MP: 1/1
   126 | D:1      | Found a faded altar of an unknown god.
   351 | D:1      | Reached XP level 2. HP: 18/22 MP: 2/2
  1035 | D:2      | Reached XP level 3. HP: 27/27 MP: 3/3
  1418 | D:3      | Reached XP level 4. HP: 33/33 MP: 4/4
  1441 | D:3      | Reached skill level 5 in Long Blades
  1487 | D:3      | Noticed Sigmund
  1513 | D:3      | Killed Sigmund
  1514 | D:3      | Reached XP level 5. HP: 36/38 MP: 5/5
  1514 | D:3      | Reached XP level 6. HP: 41/44 MP: 6/6
  1621 | D:3      | Found an opulent altar of Gozag.
  2529 | D:4      | Reached XP level 7. HP: 50/50 MP: 7/7
  2598 | D:4      | Noticed Edmund
  2608 | D:4      | Killed Edmund
  3269 | D:5      | Entered Level 5 of the Dungeon
  3314 | D:5      | Reached XP level 8. HP: 48/56 MP: 8/8
  3804 | D:5      | Found a snail-covered altar of Cheibriados.
  3833 | D:6      | Identified the +7 rapier of Xumociuk {antimagic, rPois
                  | rCorr Int+9 Dex-2}
  3867 | D:6      | Reached skill level 10 in Long Blades
  3965 | D:6      | Reached skill level 3 in Dodging
  4184 | D:6      | Identified the +0 trident "X" {heavy, rN++ Str+3 Int-3}
  4333 | D:6      | Reached skill level 4 in Dodging
  4508 | D:6      | Found a bloodstained altar of Trog.
  4562 | D:6      | Became a worshipper of Trog the Wrathful
  4667 | D:6      | Noticed a two-headed ogre
  4679 | D:6      | Killed a two-headed ogre
  4680 | D:6      | Reached skill level 5 in Fighting
  4680 | D:6      | Reached skill level 5 in Dodging
  4680 | D:6      | Reached XP level 9. HP: 31/68 MP: 3/9
  5149 | D:7      | Found a shadowy altar of Dithmenos.
  5211 | D:7      | Found a staircase to the Ecumenical Temple.
  5317 | D:7      | Reached skill level 6 in Dodging
  5495 | D:7      | Reached skill level 1 in Short Blades
  5862 | D:7      | Found a runed translucent door.
  5863 | D:7      | Noticed Crazy Yiuf
  5869 | D:7      | Killed Crazy Yiuf
  5911 | D:7      | Reached * piety under Trog
  6022 | D:7      | Reached XP level 10. HP: 53/76 MP: 3/10
  6554 | D:8      | Reached ** piety under Trog
  6749 | D:8      | Found Uteimogigu's Lightly-Used Armoury.
  6794 | D:8      | Bought a -2 demon blade for 70 gold pieces
  6867 | D:8      | Found Niumow's Assorted Antiques.
  6872 | D:8      | Bought a potion of heal wounds for 90 gold pieces
  6872 | D:8      | Bought a glowing long sword for 117 gold pieces
  7041 | D:9      | Reached skill level 1 in Evocations
  7107 | D:9      | Found a runed translucent gate.
  7107 | D:9      | Found a runed translucent gate.
  7107 | D:9      | Found a runed translucent gate.
  7107 | D:9      | Noticed Vendren's ghost (novice TrEE)
  7272 | D:9      | Found a broken altar of Ashenzari.
  7289 | D:9      | Found a basalt altar of Yredelemnul.
  7464 | D:9      | Reached skill level 5 in Evocations
  7656 | D:10     | Entered Level 10 of the Dungeon
  7664 | D:10     | Noticed a manticore
  7670 | D:10     | Killed a manticore
  7858 | D:10     | Reached XP level 11. HP: 41/87 MP: 3/11
  7861 | D:10     | Reached *** piety under Trog
  8082 | D:10     | Noticed a two-headed ogre
  8088 | D:10     | Killed a two-headed ogre
  8108 | D:10     | Noticed a two-headed ogre
  8120 | D:10     | Killed a two-headed ogre
  8121 | D:10     | Reached skill level 10 in Fighting
  8148 | D:10     | Found a staircase to the Lair.
  8183 | D:10     | Reached skill level 7 in Dodging
  8198 | D:10     | Noticed a +0 hand axe
  8198 | D:10     | Noticed a +0 dagger
  8214 | D:10     | Found a hide-covered altar of Uskayaw.
  8320 | D:10     | Found an ancient bone altar of Kikubaaqudgha.
  8351 | D:10     | Reached skill level 8 in Dodging
  8605 | Lair:1   | Entered Level 1 of the Lair of Beasts
  8716 | Lair:1   | Reached **** piety under Trog
  8746 | Lair:1   | Reached skill level 9 in Dodging
  8855 | Lair:1   | Reached XP level 12. HP: 68/97 MP: 4/12
  8952 | Lair:1   | Reached skill level 10 in Dodging
  9976 | Lair:2   | Noticed a boulder beetle
  9996 | Lair:2   | Killed a boulder beetle
 10171 | Lair:2   | Found a hole to the Spider Nest.
 10250 | Lair:2   | You fall into a shaft and drop 2 floors!
 10250 | Lair:4   | Found a bloodstained altar of Trog.
 10361 | Lair:4   | Noticed a skyshark
 10380 | Lair:4   | Banished a skyshark
 10553 | Lair:4   | Identified the +3 ring mail of Jubyaree {rElec Int+5
                  | Stlth+}
 10570 | Lair:4   | Reached skill level 5 in Short Blades
 10606 | Lair:4   | Reached skill level 1 in Armour
 10639 | Lair:4   | Reached XP level 13. HP: 103/103 MP: 4/13
 10647 | Lair:4   | Reached ***** piety under Trog
 11077 | Lair:3   | Reached skill level 5 in Armour
 11550 | Lair:3   | Found a staircase to the Swamp.
 12415 | Lair:5   | Entered Level 5 of the Lair of Beasts
 12529 | Lair:5   | Received a gift from Trog
 12531 | Lair:5   | Reached skill level 11 in Dodging
 12824 | Lair:5   | Reached skill level 12 in Dodging
 13061 | Lair:5   | Found a viscous altar of Jiyva.
 13062 | Lair:5   | Found a staircase to the Slime Pits.
 13231 | Lair:5   | Reached XP level 14. HP: 75/110 MP: 2/14
 13366 | Lair:5   | Reached skill level 13 in Dodging
 13453 | Lair:5   | Noticed a dire elephant
 13513 | Lair:5   | Killed a dire elephant
 13870 | Lair:5   | Reached skill level 14 in Dodging
 14637 | D:11     | Found a staircase to the Orcish Mines.
 15049 | D:12     | Reached ****** piety under Trog
 15057 | D:12     | Noticed Urug
 15058 | D:12     | Noticed Maurice
 15069 | D:12     | Killed Urug
 15073 | D:12     | Killed Maurice
 15138 | D:12     | Reached skill level 15 in Dodging
 15257 | D:12     | Found Hinupp's Magic Scroll Emporium.
 15266 | D:12     | Bought a scroll of identify for 26 gold pieces
 15299 | D:12     | Received a gift from Trog
 16121 | D:13     | Reached XP level 15. HP: 115/118 MP: 5/15
 16916 | D:13     | Noticed Sonja
 16941 | D:13     | Found a gate to the Vaults.
 16945 | D:13     | Killed Sonja
 16945 | D:13     | Received a gift from Trog
 17630 | D:14     | Reached skill level 15 in Long Blades
 17904 | D:14     | Found an ornate altar of the Wu Jian Council.
 18025 | D:15     | Entered Level 15 of the Dungeon
 18534 | D:15     | Found a staircase to the Depths.
 18730 | D:15     | Identified the +5 scimitar of the Gazing Firefly {freeze,
                  | rC+ Dex+9 Stlth-}
 19397 | D:15     | Identified the +5 dagger of Xyunn {heavy, rElec}
 19585 | Orc:1    | Entered Level 1 of the Orcish Mines
 19731 | Orc:1    | Noticed Snorg
 19743 | Orc:1    | Killed Snorg
 19806 | Orc:1    | Noticed an orc warlord
 19857 | D:11     | Killed an orc warlord
 19991 | Orc:1    | Received a gift from Trog
 20086 | Orc:2    | Entered Level 2 of the Orcish Mines
 20113 | Orc:2    | Found a roughly hewn altar of Beogh.
 20116 | Orc:2    | Found a runed translucent gate.
 20116 | Orc:2    | Found a runed translucent gate.
 20116 | Orc:2    | Found a runed translucent gate.
 20132 | Orc:2    | Noticed an orc warlord
 20145 | Orc:2    | Noticed Mousus6's ghost (journeyman CoAl)
 20145 | Orc:2    | Noticed Asfel's ghost (journeyman DsNe)
 20147 | Orc:2    | Noticed YordlordTheGreat's ghost (journeyman HuCA)
 20178 | Orc:1    | Killed an orc warlord
 20330 | Orc:2    | Found a staircase to the Elven Halls.
 20691 | Orc:2    | Found Enijus's Distillery.
 20720 | Orc:2    | Found Soattem's General Store.
 20766 | Orc:2    | Reached XP level 16. HP: 131/133 MP: 5/16
 20800 | Orc:2    | Received a gift from Trog
 20826 | Orc:2    | Bought a potion of resistance for 120 gold pieces
 21264 | Orc:2    | Reached skill level 15 in Fighting
 21361 | Orc:2    | Found Uwnemen's Jewellery Shoppe.
 21361 | Orc:2    | Found Etikhor's Antique Weapon Emporium.
 21368 | Orc:2    | Found a one-way gate leading to the halls of Pandemonium.
 21423 | Orc:2    | Noticed none10's ghost (journeyman MiBe)
 22175 | Swamp:1  | Entered Level 1 of the Swamp
 22226 | Swamp:1  | Received a gift from Trog
 22830 | Swamp:1  | Reached skill level 16 in Dodging
 22923 | Swamp:1  | Found a transporter.
 22960 | Swamp:1  | Found a transporter.
 22964 | Swamp:1  | Noticed mn3067's ghost (adept TrFi)
 22973 | Swamp:1  | Identified the serpent talisman of the Villain {rC++}
 22973 | Swamp:1  | Noticed Aizul
 22990 | Swamp:1  | Killed Aizul
 22997 | Swamp:1  | HP: 10/204 [poisoned by Aizul (poison arrow)]
 24452 | Swamp:2  | Reached skill level 17 in Dodging
 24465 | Swamp:2  | Noticed a fenstrider witch
 24797 | Swamp:2  | Killed a fenstrider witch
 25031 | Swamp:3  | Reached XP level 17. HP: 137/142 MP: 5/17
 25077 | Swamp:2  | Received a gift from Trog
 25802 | Swamp:3  | Noticed Mlioglotl
 25810 | Swamp:3  | Killed Mlioglotl
 25969 | Swamp:3  | Reached skill level 18 in Dodging
 26232 | Swamp:4  | Entered Level 4 of the Swamp
 26245 | Swamp:4  | Noticed Donald
 26260 | Swamp:3  | Killed Donald
 27011 | Swamp:4  | Received a gift from Trog
 27560 | Swamp:4  | HP: 7/142 [spriggan druid/angry trees (18)]
 27894 | Swamp:4  | Reached skill level 19 in Dodging
 27925 | Swamp:4  | Got a decaying rune of Zot
 28148 | Spider:1 | Entered Level 1 of the Spider Nest
 29146 | Spider:1 | Received a gift from Trog
 29804 | Orc:2    | Bought 2 potions of heal wounds for 120 gold pieces
 29804 | Orc:2    | Bought a potion of cancellation for 96 gold pieces
 29804 | Orc:2    | Bought a potion of heal wounds for 60 gold pieces
 29804 | Orc:2    | Bought a potion of heal wounds for 60 gold pieces
 29806 | Orc:2    | Bought a scroll of summoning for 161 gold pieces
 29806 | Orc:2    | Bought a wand of roots (5) for 204 gold pieces
 29910 | D:8      | Bought a wand of acid (6) for 453 gold pieces
 30502 | Spider:2 | Reached skill level 20 in Dodging
 30520 | Spider:2 | Reached XP level 18. HP: 87/149 MP: 3/18
 30795 | Spider:2 | Found a glacial archway.
 30818 | IceCv    | Entered an ice cave
 31290 | IceCv    | Received a gift from Trog
 31330 | IceCv    | Reached skill level 10 in Evocations
 31471 | IceCv    | Identified the +7 war axe of Quick Death {speed, Str+7}
 32167 | Spider:2 | Identified the +0 leather armour "Ipiquuh" {rPois Will+
                  | Str-3 Int+3}
 32591 | Spider:3 | Received a gift from Trog
 33273 | Spider:4 | Entered Level 4 of the Spider Nest
 33508 | Spider:3 | Reached XP level 19. HP: 88/161 MP: 5/19
 33774 | Spider:4 | Found a runed translucent door.
 34070 | Spider:4 | Noticed Roxanne
 34187 | Spider:4 | Noticed Arachne
 34218 | Spider:4 | Killed Arachne
 34867 | Spider:4 | Got a gossamer rune of Zot
 34946 | Spider:4 | Received a gift from Trog
 35600 | Spider:4 | Noticed Foxiece's ghost (journeyman DsGl)
 36231 | Vaults:1 | Entered Level 1 of the Vaults
 36808 | Vaults:1 | Received a gift from Trog
 37127 | Vaults:1 | Reached XP level 20. HP: 113/176 MP: 6/20
 37964 | Vaults:1 | Found a roughly hewn altar of Beogh.
 38475 | Vaults:2 | Noticed Mara
 38482 | Vaults:2 | Killed Mara
 38697 | Vaults:2 | Received a gift from Trog
 39063 | Vaults:2 | Reached skill level 10 in Armour
 39757 | Vaults:2 | Found a staircase to the Crypt.
 40005 | Vaults:2 | Found the +10 tower shield of Ignorance {rN+ Int-4}
 40733 | Vaults:3 | Identified the +2 buckler of the Bulwark {Dex+3}
 40749 | Vaults:3 | Received a gift from Trog
 41255 | Vaults:3 | Reached XP level 21. HP: 179/183 MP: 7/21
 41495 | Vaults:3 | Received a gift from Trog
 41697 | Vaults:3 | Reached skill level 15 in Evocations
 41930 | Vaults:4 | Reached skill level 21 in Dodging
 42302 | Vaults:4 | Found Otot's Antique Weapon Emporium.
 42847 | Vaults:4 | Identified the +1 pair of boots of the Cooper {^Drain rC++
                  | Stlth+}
 43488 | Vaults:4 | Reached skill level 22 in Dodging
 43509 | Vaults:4 | Received a gift from Trog
 43769 | Vaults:4 | Identified the +7 great sword "Enu Daga" {speed, Int+5}
 43983 | Vaults:4 | Identified the +9 trident "Kaisulel" {flame, rF+ Str+2}
 44666 | Elf:1    | Entered Level 1 of the Elven Halls
 44902 | Elf:1    | Received a gift from Trog
 44961 | Elf:1    | Paralysed by an air elemental for 1 turns
 45582 | Elf:2    | Reached XP level 22. HP: 185/190 MP: 7/22
 45607 | Elf:2    | Reached skill level 23 in Dodging
 45863 | Elf:2    | Received a gift from Trog
 45883 | Elf:2    | Found a radiant altar of Vehumet.
 45924 | Elf:2    | Paralysed by an air elemental for 1 turns
 45990 | Elf:2    | Found a runed translucent gate.
 45991 | Elf:2    | Found a runed translucent gate.
 45991 | Elf:2    | Found a runed translucent gate.
 46600 | Elf:3    | Entered Level 3 of the Elven Halls
 46737 | Elf:3    | Received a gift from Trog
 47157 | Elf:3    | Reached skill level 24 in Dodging
 47993 | Elf:3    | Identified the +7 shortbow of Fimbulwinter {freeze, Int+5
                  | Dex-3}
 48065 | Elf:3    | Identified the +4 scimitar of Dullness {drain, rN+}
 48129 | Elf:3    | Received a gift from Trog
 48301 | Elf:3    | Identified the +6 mace of Neoticud {vamp, rElec Dex+3
                  | Stlth+}
 48335 | Abyss:2  | Cast into level 2 of the Abyss (a deep elf demonologist)
 48383 | Abyss:2  | Found a corrupted altar of Lugonu.
 48424 | Abyss:2  | Found a corrupted altar of Lugonu.
 48455 | Abyss:2  | Found a basalt altar of Yredelemnul.
 48517 | Abyss:2  | Found a corrupted altar of Lugonu.
 48554 | Abyss:2  | Found a basalt altar of Yredelemnul.
 48554 | Abyss:2  | Found a basalt altar of Yredelemnul.
 48570 | Abyss:2  | Noticed a dread lich
 48585 | Abyss:2  | Killed a dread lich
 48589 | Elf:3    | Escaped the Abyss
 48860 | Elf:3    | Received a gift from Trog
 48908 | Elf:3    | Reached XP level 23. HP: 195/196 MP: 7/23
 49262 | Elf:3    | Reached skill level 10 in Short Blades
 49279 | Elf:3    | Identified the +1 chain mail of Grace {^Contam rF- rC+++
                  | Dex+6}
 49286 | Elf:3    | Found the +1 cloak of Starlight {*Dazzle EV+4 Stlth--}
 49749 | Depths:1 | Entered Level 1 of the Depths
 49762 | Depths:1 | Found a broken altar of Ashenzari.
 50899 | Swamp:1  | Killed mn3067's ghost
 50909 | Swamp:1  | Identified the +4 cloak of Yesterday {rCorr Int-2 Dex+2}
 50910 | Swamp:1  | Identified the ring "Gise" {Str+4 Int+6}
 51191 | Orc:2    | Bought a ring of fire for 425 gold pieces
 51939 | Depths:1 | Found a gateway to Hell.
 52004 | Depths:1 | Found a one-way gateway to a ziggurat.
 52234 | Depths:1 | Received a gift from Trog
 52318 | Depths:1 | Identified the +10 mace of Amisuh {holy, rF+ rCorr Str-3
                  | Dex+5}
 52370 | Depths:1 | Found Vagiatu's Book Shoppe.
 52372 | Depths:1 | Found Vuepisk's Jewellery Shop.
 52373 | Depths:1 | Found Bearug's Book Shoppe.
 52381 | Depths:1 | Bought the ring "Ashyxiampi" {rF+ rN+ Slay+2 SInv} for 732
                  | gold pieces
 52388 | Depths:1 | Bought a manual of Fighting for 1040 gold pieces
 53130 | Depths:2 | Reached skill level 25 in Dodging
 53330 | Depths:2 | Found a sparkling altar of Nemelex Xobeh.
 53695 | Depths:3 | Noticed a golden dragon
 53696 | Depths:3 | Noticed a golden dragon
 53713 | Depths:3 | Killed a golden dragon
 53715 | Depths:3 | Killed a golden dragon
 53729 | Depths:3 | Received a gift from Trog
 54019 | Depths:3 | Identified the +11 hand axe "Joffatoe" {holy, Will+ Str+3}
 54194 | Depths:3 | Reached XP level 24. HP: 215/215 MP: 23/23
 54374 | Depths:3 | Identified the +3 buckler of the Several Heavens {rC- MP+9
                  | Str+3 Int+4}
 54432 | Depths:3 | Noticed a juggernaut
 54438 | Depths:3 | Killed a juggernaut
 54502 | Depths:3 | Identified the ring of Cheibriados's Grace {Fire Str+3
                  | Int+3}
 54615 | Depths:3 | Found a one-way gate to the infinite horrors of the Abyss.
 55322 | Depths:4 | Entered Level 4 of the Depths
 55470 | Depths:4 | Received a gift from Trog
 55965 | Depths:4 | Noticed Mennas
 55978 | Depths:4 | Killed Mennas
 56381 | Depths:4 | Found a gate to the Realm of Zot.
 56809 | Vaults:5 | Entered Level 5 of the Vaults
 57097 | Vaults:5 | Received a gift from Trog
 58005 | Vaults:5 | Reached XP level 25. HP: 192/223 MP: 23/23
 58012 | Vaults:5 | Gained mutation: You are frail. (-10% HP) [a neqoxec]
 58181 | Abyss:2  | Cast into level 2 of the Abyss (a deep elf sorcerer)
 58333 | Vaults:5 | Escaped the Abyss
 58475 | Vaults:5 | Received a gift from Trog
 58741 | Vaults:5 | Reached skill level 26 in Dodging
 58803 | Vaults:5 | Got a silver rune of Zot
 59088 | Vaults:5 | Received a gift from Trog
 60272 | Zot:1    | Entered Level 1 of the Realm of Zot
 60272 | Zot:1    | Noticed an orb of fire
 60281 | Depths:4 | Gained mutation: Your spells are a little easier to cast,
                  | but a little less powerful. [an orb of fire]
 60284 | Depths:4 | Killed an orb of fire
 60735 | Zot:1    | Identified the +6 halberd of Onoshusi {vamp, rF+ rC+ rCorr
                  | Int+3}
 61372 | Zot:2    | Received a gift from Trog
 61746 | Zot:1    | Reached XP level 26. HP: 203/207 MP: 23/23
 61981 | Zot:2    | Noticed Grunn
 61998 | Zot:2    | Killed Grunn
 63429 | Zot:4    | Reached skill level 15 in Armour
 63615 | Zot:4    | Reached skill level 27 in Dodging
 63727 | Zot:4    | Received a gift from Trog
 64078 | Zot:3    | Noticed a Killer Klown
 64246 | Zot:3    | Killed a Killer Klown
 64287 | Zot:3    | Noticed a Killer Klown
 64303 | Zot:3    | Killed a Killer Klown
 64402 | Zot:3    | Identified the +7 short sword "Baxow" {freeze, ^Fragile
                  | Str+6 Dex+10}
 65312 | Zot:5    | Entered Level 5 of the Realm of Zot
 65828 | Zot:4    | Reached XP level 27. HP: 162/216 MP: 23/23
 65971 | Zot:5    | Noticed an orb of fire
 66148 | Zot:4    | Killed an orb of fire
 66191 | Zot:5    | Received a gift from Trog
 66415 | Zot:5    | Noticed a dread lich
 66457 | Zot:5    | Killed a dread lich
 66674 | Zot:5    | Noticed an orb of fire
 66674 | Zot:5    | Gained mutation: You are weak. (Str -2) [an orb of fire]
 66686 | Zot:5    | Killed an orb of fire
 66687 | Zot:5    | Noticed an orb of fire
 66697 | Zot:5    | Killed an orb of fire
 67498 | Zot:5    | Noticed an orb of fire
 67515 | Zot:5    | Killed an orb of fire
 68546 | Zot:5    | Noticed a dread lich
 68560 | Zot:5    | Killed a dread lich
 69030 | Zot:5    | Noticed an ancient lich
 69043 | Zot:5    | Killed an ancient lich
 69074 | Zot:5    | Noticed a dread lich
 69083 | Zot:5    | Killed a dread lich
 69619 | Zot:5    | Got the Orb of Zot
 69827 | Zot:1    | Noticed a seraph
 69855 | Depths:4 | Received a gift from Trog
 70093 | D:11     | Noticed Lautaemm the pandemonium lord
 70163 | D:8      | Noticed a seraph
 70310 | D:5      | Noticed Zugashre the pandemonium lord
 70386 | D:$      | Escaped with the Orb!

Illustrated notes

Levels and vault maps discovered:
D:1:      dpeg_arrival_line_fractal, layout_basic,
          shapermc_ecumenical_altar_mp_highgroup, feat_on_display
D:2:      layout_rooms, dk_vineyard_1
D:3:      layout_loops_ring, nicolae_gozag_seed_capital, uniq_sigmund
D:4:      layout_loops_corners, kennysheep_generic_room_4, uniq_edmund
D:5:      layout_rooms, general_overflow_altar
D:6:      layout_basic, nicolae_overflow_crystal_walls,
          minmay_misc_feat_enclosed
D:7:      layout_cave_pods, nicolae_dithmenos_through_a_glass_darkly,
          minmay_temple_entry_fiery, grunt_decor_junction,
          uniq_crazy_yiuf_cottage
D:8:      layout_rooms, serial_shops, kennysheep_little_box, minmay_shop_damaged
D:9:      layout_cave_pools, mainiacjoe_overflow_catwalk_spiral,
          ebering_ghost_rock_garden
D:10:     layout_small_grid, mainiacjoe_overflow_24_doors,
          dancing_weapons_uskayaw, dpeg_lair_monsters
D:11:     layout_roguey, orc_0_dummy
D:12:     layout_basic, serial_shops, shop_statue, serial_ice, serial_ice_l,
          serial_ice_e, serial_ice_g, serial_ice_c, serial_ice_o, serial_ice_n,
          serial_ice_d, serial_ice_f, reono_crystal_passage, uniq_maurice,
          uniq_urug
D:13:     minmay_the_grid_triangle_9x9_recursive_3
          [minmay_the_grid_triangle_9x9_limited_checkers,
          minmay_the_grid_triangle_9x9_descending_squares,
          minmay_the_grid_triangle_9x9_intruding_spiral,
          minmay_the_grid_triangle_9x9_prize_center,
          minmay_the_grid_triangle_9x9_thin_v,
          minmay_the_grid_triangle_9x9_odd_lines,
          minmay_the_grid_triangle_9x9_sparse_checkered,
          minmay_the_grid_triangle_9x9_cache,
          minmay_the_grid_triangle_9x9_warning], layout_loops_ring,
          hellmonk_vaults_order_and_chaos, dreamdust_wishing_well, uniq_sonja
D:14:     layout_basic, pdpol_wu_jian_five_deadly_venoms
D:15:     hellmonk_depths_entry_around_the_bend, layout_cave_pools,
          dk_noncrumbling_2
Lair:1:   layout_cave_pods, grunt_megastairs_1
Lair:2:   layout_chaotic_city, dummy_spider_entry, serial_bayou_shore_a
Lair:3:   layout_gridlike, minmay_swamp_entry_worms, serial_bayou,
          serial_bayou_pond_a, serial_bayou_pond_c, serial_bayou_lake_a,
          serial_bayou_pond_c, serial_bayou_shore_b, infiniplex_staircase_pool
Lair:4:   layout_loops_ring, basic_altar, grunt_megastairs_5
Lair:5:   hangedman_lair_in_review, layout_regular_city, wormcave, slime_entry_1
Swamp:1:  layout_basic_swamp, gammafunk_ghost_berserking_beasts,
          evilmike_swamp_ruin_house_4, uniq_aizul
Swamp:2:  layout_basic_swamp, nicolae_swamp_decorative_isthmus,
          hangedman_swamp_lotus, swamp_pool_1_2, grunt_witch_cave
Swamp:3:  layout_basic_swamp, hangedman_swamp_ruin_wall, swamp_pool_1_2,
          uniq_mlioglotl
Swamp:4:  swamp, layout_basic_swamp, uniq_donald
Spider:1: layout_spider_delve
Spider:2: layout_spider_delve, portal_ice_cave_entry_frozen_things
Spider:3: layout_spider_delve, nicolae_spider_jagged_tunnels
Spider:4: johnstein_spider_rune_arachne_lair, ebering_ghost_inner_flame,
          uniq_roxanne
Orc:1:    layout_caves, uniq_snorg
Orc:2:    pf_orc_diabolical, layout_diamond_mine, gammafunk_ghost_cemetery,
          basic_altar
Elf:1:    layout_loops_ring, evilmike_minifort
Elf:2:    nicolae_elf_blades_crystal_corner, layout_onion_city,
          solitary_fountain, david_defended_altar_elf
Elf:3:    elf_hall, layout_loops_corners, nicolae_elf_variegated_diamond
Vaults:1: nicolae_vaults_two_Ls, nicolae_vaults_rhombus_5,
          nicolae_vaults_tetromino_T_1, vaults_dpeg_encased_lava,
          lightli_church_of_beogh, vaults_mumra_minichess_inversion,
          layout_vaults_omnigrid
Vaults:2: nicolae_vaults_theta, vaults_dpeg_emergency_exit,
          hangedman_vaults_nodes, v_rooms_3, nicolae_vaults_diamond_2,
          nicolae_vaults_network_periphery, nicolae_vaults_little_squares_5,
          kb_rosetta, v_rooms_2, minmay_crypt_entry_simple_plaza,
          layout_vaults_maze_bifur, uniq_mara
Vaults:3: dpeg_vaults_waves, hangedman_vaults_corner_blocks,
          hangedman_vaults_maws, v_misc_29, v_pattern_5,
          nicolae_vaults_trapezoid_layered, nicolae_vaults_diagonal_hallway_6,
          nicolae_vaults_apartment_2, layout_vaults_omnicross
Vaults:4: nicolae_vaults_sealed_display, nicolae_vaults_surprise_closet,
          v_rooms_1, vaults_mumra_chevron, nicolae_vaults_diamond_2,
          fort_yaktaur, nicolae_vaults_tangram_2, nicolae_vaults_alarming,
          nicolae_vaults_diagonal_hallway_9, nicolae_vaults_sesquioval_fish,
          nicolae_vaults_back_hallway, v_misc_22, hangedman_vaults_stitches,
          vaults_dpeg_ring, nicolae_vaults_diamond_1, nicolae_vaults_diamond_1,
          nicolae_vaults_tetromino_L_1, layout_vaults_omnibox, serial_shops,
          shop
Vaults:5
Depths:1: layout_gridlike, enter_ziggurat_f,
          nicolae_hell_entry_hellmouth_sunbeams, ashenzari_altar_1,
          chequers_serial_rivers_micro_c, kennysheep_opposing_triangles,
          serial_bayou_shore_b, minmay_shop_grove
Depths:2: minmay_curly_fans, layout_gridville, hell_entry,
          minmay_misc_feat_five, grunt_pan_entry_sceptre,
          nemelex_spade_bored_becter
Depths:3: little_maze_vault, layout_basic, pan_entry, hell_entry,
          nicolae_abyss_entry_one_way_or_another
Depths:4: evilmike_zot_entry_argh, layout_cave_pools, grunt_decor_cap,
          serial_column_ruins, column_ruins_grid_1, column_ruins_grid_1,
          column_ruins_open_small, column_ruins_columns_plus,
          pf_hell_entry_great_geh, uniq_mennas
Zot:1:    layout_concentric_octagons, regret_index_zotdec_silver_v_v_orig_slice
Zot:2:    layout_onion, regret_index_zotdec_misc_clamp,
          regret_index_zotdec_zees, st_stairs_9, uniq_grunn
Zot:3:    cheibrodos_zot_enchanting_chambers, layout_onion_interference,
          grunt_ministairs_15, lemuel_flame_loot_1
Zot:4:    layout_gridlike, grunt_megastairs_2
Zot:5:    layout_misc_corridors, grunt_ministairs_7

Skill      XL: |  1  2  3  4  5  6  7  8  9 10 11 12 13 14 15 16 17 18 19 20 21 22 23 24 25 26 27 |
---------------+----------------------------------------------------------------------------------+-----
Long Blades    | 4 6 7 9 10 11 13 14 15 | 15.5
Dodging        | 5 6 9 10 12 15 17 20 22 24 25 26 27 | 27.0
Fighting       | 5 6 8 10 11 14 15 17 19 20 23 24 26 | 26.1
Short Blades   | 3 4 5 7 9 10 | 10.8
Evocations     | 5 8 12 14 15 17 19 21 24 | 24.3
Armour         | 1 6 7 10 11 13 15 | 15.0
Throwing       | |  1.7

Action                     |  1- 3 |  4- 6 |  7- 9 | 10-12 | 13-15 | 16-18 | 19-21 | 22-24 | 25-27 || total
---------------------------+-------+-------+-------+-------+-------+-------+-------+-------+-------++-------
  Melee: Long sword        |    70 |   109 |   226 |   396 |   137 |       |       |       |       ||   938
         Dagger            |    49 |   100 |    86 |       |       |       |       |       |       ||   235
         Rapier            |       |       |   130 |   377 |   927 |  1228 |  1275 |   662 |       ||  4599
         Scimitar          |       |       |       |       |   836 |  1301 |  1357 |  1159 |   990 ||  5643
         Double sword      |       |       |       |       |       |       |       |   468 |  1028 ||  1496
  Throw: Throwing net      |       |     3 |     3 |     1 |       |       |       |       |       ||     7
         Javelin           |       |     1 |       |       |       |       |       |       |       ||     1
 Invoke: Berserk           |       |       |       |     2 |     5 |     9 |     1 |     3 |     2 ||    22
         Trog's Hand       |       |       |       |       |     2 |     4 |     4 |     5 |     7 ||    22
         Brothers in Arms  |       |       |       |       |       |     2 |     3 |     5 |     4 ||    14
  Evoke: Wand              |       |       |       |       |     1 |     5 |     1 |     1 |       ||     8
         Phantom mirror    |       |       |       |       |       |       |       |     1 |       ||     1
    Use: Scroll            |     2 |     2 |     5 |     2 |    12 |     9 |     1 |    16 |    15 ||    64
         Potion            |       |       |     4 |       |       |     4 |     2 |     2 |     7 ||    19
   Stab: Held in net/web   |       |       |     6 |       |       |       |       |       |       ||     6
         Sleeping          |       |       |       |     2 |     5 |     4 |     9 |     6 |       ||    26
         Distracted        |       |       |       |     1 |     2 |     1 |     3 |     4 |       ||    11
         Paralysed         |       |       |       |       |     2 |     2 |       |       |       ||     4
         Confused          |       |       |       |       |       |     2 |       |       |       ||     2
         Invisible         |       |       |       |       |       |       |       |    81 |    95 ||   176
 Armour: Leather armour    |    21 |       |       |       |       |       |       |       |       ||    21
         Ring mail         |    13 |    51 |   160 |    22 |   464 |   688 |   365 |   342 |   324 ||  2429
         Steam dragon scal |       |       |       |    82 |       |       |       |       |       ||    82
         Troll leather arm |       |       |       |   140 |    38 |       |       |       |       ||   178
  Dodge: Dodged            |    50 |    46 |   134 |   298 |   693 |  1611 |  1276 |  1177 |  1412 ||  6697
  Block: Other             |       |       |       |       |       |       |   140 |   172 |   154 ||   466
         Reflection        |       |       |       |       |       |       |    17 |     5 |     4 ||    26

Table legend: (Time is in decaauts)
 A = Elapsed time spent in this place.
 B = Non-inter-level travel time spent in this place.
 C = Inter-level travel time spent in this place.
 D = Time resting spent in this place.
 E = Time spent auto-exploring this place.
 F = Levels seen in this place.
 G = Mean time per level.
                   A        B        C        D        E       F      G
               +--------+--------+--------+--------+--------+-----+--------+
         Total |  68923 |  62649 |   6274 |  20443 |  27114 |  50 | 1378.5 |
       Dungeon |  15760 |  13483 |   2277 |   3045 |   7669 |  15 | 1050.7 |
          Lair |   7151 |   6204 |    947 |   1478 |   3203 |   5 | 1430.2 |
         Swamp |   6527 |   6063 |    464 |   3066 |   1703 |   4 | 1631.8 |
   Spider Nest |   5199 |   5029 |    170 |   1966 |   1564 |   4 | 1299.8 |
  Orcish Mines |   2864 |   2237 |    627 |    572 |    960 |   2 | 1432.0 |
   Elven Halls |   4459 |   4309 |    150 |   1474 |   1639 |   3 | 1486.3 |
        Vaults |  10678 |   9939 |    739 |   3768 |   3702 |   5 | 2135.6 |
        Depths |   5604 |   5077 |    527 |   1347 |   2482 |   4 | 1401.0 |
           Zot |   9261 |   8893 |    368 |   3151 |   3885 |   5 | 1852.2 |
         Abyss |    376 |    376 |      0 |    143 |     53 |   2 |  188.0 |
      Ice Cave |   1038 |   1038 |      0 |    429 |    252 |   1 | 1038.0 |
               +--------+--------+--------+--------+--------+-----+--------+

Top non-repeatable levels by time:
   Zot:5: 3689 daAuts
Vaults:4: 3367 daAuts
   Elf:3: 2569 daAuts
Vaults:1: 2278 daAuts
   Orc:2: 2269 daAuts
Depths:3: 2095 daAuts
 Swamp:1: 2095 daAuts
   Zot:4: 1990 daAuts
Spider:4: 1954 daAuts
  Lair:2: 1877 daAuts
  Lair:5: 1853 daAuts
Vaults:3: 1758 daAuts
Vaults:2: 1728 daAuts
    D:13: 1728 daAuts
    D:15: 1684 daAuts
